 Dungeon Crawl Stone Soup version 0.27.1-3-gb3d3a73c9e (webtiles) character file.

Game seed: 1885923314036368590

193 jjjjhere the Skirmisher (level 5, -1/45 (47) HPs)
             Began as a Gnoll Wanderer on Oct 11, 2021.
             Was a Believer of Zin.
             Slain by a wight (6 damage)
             ... on level 4 of the Dungeon.
             The game lasted 00:05:17 (4411 turns).

jjjjhere the Skirmisher (Gnoll Wanderer)            Turns: 4411, Time: 00:05:18

HP:   -1/45 (47)    AC:  6    Str: 13    XL:     5   Next: 72%
MP:   7/7           EV: 10    Int: 12    God:    Zin [**....]
Gold: 126           SH:  0    Dex: 13    Spells: 7/7 levels left

rFire    . . .     SeeInvis .   a - +3 dagger
rCold    . . .     Faith    .   (no shield)
rNeg     . . .     Spirit   .   l - +0 scale mail
rPois    ∞         Reflect  .   (no helmet)
rElec    .         Harm     .   (no cloak)
rCorr    .         Rampage  .   (no gloves)
Will     .....                  (no boots)
Stlth    ++........             (no amulet)
HPRegen  0.15/turn              (no ring)
MPRegen  0.10/turn              (no ring)

@: vitalised, on recite cooldown, lightly drained
A: fangs 1, strong nose, distributed training
a: Renounce Religion, Recite, Vitalisation, Donate Gold


You were on level 4 of the Dungeon.
You worshipped Zin.
Zin was pleased with you.
You visited 1 branch of the dungeon, and saw 4 of its levels.

You collected 139 gold pieces.
You donated 13 gold pieces to Zin.

Inventory:

Hand Weapons
 a - a +3 dagger (weapon)
 b - a +0 hunting sling
 c - a +0 short sword
Missiles
 i - 3 curare-tipped darts (quivered)
 j - 38 stones
 s - 18 poisoned darts
Armour
 e - a +0 robe
 l - a +0 scale mail (worn)
Scrolls
 d - 4 scrolls of teleportation
 f - a scroll of blinking {unknown}
 g - 2 scrolls of enchant weapon {unknown}
 k - 2 scrolls of identify {unknown}
 o - a scroll of noise {unknown}
Potions
 h - 2 potions of lignification {unknown}
 m - a potion of invisibility {unknown}
 n - a potion of degeneration {unknown}
 p - 2 potions of haste {unknown}
 q - a potion of magic {unknown}
 r - a potion of curing {unknown}
 t - a potion of attraction {unknown}
 u - a potion of might {unknown}


   Skills:
 + Level 6.7 Fighting
 + Level 3.0 Short Blades
 + Level 1.6 Long Blades
 + Level 1.6 Axes
 + Level 1.6 Maces & Flails
 + Level 1.6 Polearms
 + Level 1.6 Staves
 + Level 1.6 Slings
 + Level 1.6 Bows
 + Level 1.6 Crossbows
 + Level 3.0 Throwing
 + Level 1.6 Armour
 + Level 3.0 Dodging
 + Level 6.2 Stealth
 + Level 1.6 Shields
 + Level 1.6 Unarmed Combat
 + Level 1.6 Spellcasting
 + Level 1.2 Conjurations
 + Level 1.2 Hexes
 + Level 1.2 Summonings
 + Level 1.2 Necromancy
 + Level 1.2 Translocations
 + Level 1.2 Transmutations
 + Level 1.2 Fire Magic
 + Level 1.2 Ice Magic
 + Level 1.2 Air Magic
 + Level 1.2 Earth Magic
 + Level 1.2 Poison Magic
 + Level 1.8 Invocations
 + Level 3.0 Evocations


You had 7 spell levels left.
You didn't know any spells.
Your spell library was empty.

Dungeon Overview and Level Annotations

Branches:
Dungeon (4/15)
 Temple: D:4-7

Altars:
Dithmenos
Zin


Innate Abilities, Weirdness & Mutations

You have very sharp teeth.
Your uncanny sense of smell can sniff out nearby items.
Your experience applies equally to all skills.


Message History

The orc priest mumbles some strange prayers to Beogh against you.
Pain shoots through your body!
You hit the orc priest.
The orc priest is heavily wounded.
The orc priest invokes the aid of Beogh against you.
Beogh smites you!
You hit the orc priest. Your bite misses the orc priest.
The orc priest is severely wounded.
The orc priest barely misses you.
You closely miss the orc priest.
The orc priest is severely wounded.
The orc priest invokes the aid of Beogh against you.
Pain shoots through your body!
* * * LOW HITPOINT WARNING * * *
You hit the orc priest.
The orc priest is almost dead.
Zin grants you divine stamina. The orc priest closely misses you.
You hit the orc priest.
You kill the orc priest!
The goblin closely misses you.
You are ready to recite again.
You clear your throat and prepare to recite. "Zin hath not damned the servants of Hell, but it is they..."
The goblin is dazed by your recitation.
The goblin shouts! "...that have damned themselves for their blasphemy, for..."
The goblin is lost in a daze. "...did Zin not decree that to be blasphemous was wrong?"
The wight is blasted by the fury of Zin!
The wight is almost destroyed.
The wight is blasted by the fury of Zin!
The wight is heavily damaged.
You finish reciting Anathema 23:44.
The goblin is no longer dazed.
There is a stone staircase leading up here.
The wight hits you with a +0 great sword!
* * * LOW HITPOINT WARNING * * *
You feel drained.
You die...

######### #####.......#
............#
#..#..#..#..####### ##
.#..#..#..Zz.g.z@.## #..
..#..#..#.z######..# ###..#
#..#..#..#.# ##.#####......
.#..#..#..g# ###)^.#........
.........#.#####.......#....|.
...#####z........###.##>......
...z...z.#.####### #....##[.
###.######.# ###..## #.# #.##
##.[...#


You could see 3 wights, a goblin and a centaur skeleton.

Vanquished Creatures
  A hound (D:3)
  An orc priest (D:4)
  4 adders (D:2)
  3 worms (D:2)
  3 dart slugs
  5 orcs
  6 ball pythons
  3 endoplasms
  4 giant cockroaches
  9 goblins
  7 hobgoblins
  3 jackals (D:1)
  8 kobolds
  3 quokkas
  4 bats
  6 frilled lizards
  3 rats (D:1)
73 creatures vanquished.

Notes
Turn   | Place    | Note
-------+----------+-------------------------------------------
     0 | D:1      | jjjjhere the Gnoll Wanderer began the quest for the Orb.
     0 | D:1      | jjjjhere set off with the following items: a +2 dagger, 3
                  | curare-tipped darts, a +0 short sword, a scroll of
                  | teleportation, a +0 robe
     0 | D:1      | Reached XP level 1. HP: 23/23 MP: 1/1
   295 | D:1      | Reached XP level 2. HP: 24/29 MP: 2/2
   777 | D:1      | Reached XP level 3. HP: 35/35 MP: 3/3
  1395 | D:1      | Found a faded altar of an unknown god.
  1442 | D:1      | Became a worshipper of Zin the Law-Giver
  1442 | D:1      | Reached * piety under Zin
  1498 | D:1      | Reached skill level 1 in Invocations
  1557 | D:2      | Reached skill level 1 in Long Blades
  1557 | D:2      | Reached skill level 1 in Axes
  1557 | D:2      | Reached skill level 1 in Maces & Flails
  1557 | D:2      | Reached skill level 1 in Polearms
  1557 | D:2      | Reached skill level 1 in Staves
  1557 | D:2      | Reached skill level 1 in Slings
  1557 | D:2      | Reached skill level 1 in Bows
  1557 | D:2      | Reached skill level 1 in Crossbows
  1557 | D:2      | Reached skill level 1 in Armour
  1557 | D:2      | Reached skill level 1 in Shields
  1557 | D:2      | Reached skill level 1 in Unarmed Combat
  1557 | D:2      | Reached skill level 1 in Spellcasting
  1557 | D:2      | Reached XP level 4. HP: 39/41 MP: 5/5
  1593 | D:2      | Found a shadowy altar of Dithmenos.
  2137 | D:2      | Reached skill level 1 in Conjurations
  2137 | D:2      | Reached skill level 1 in Hexes
  2137 | D:2      | Reached skill level 1 in Summonings
  2137 | D:2      | Reached skill level 1 in Necromancy
  2137 | D:2      | Reached skill level 1 in Translocations
  2137 | D:2      | Reached skill level 1 in Transmutations
  2137 | D:2      | Reached skill level 1 in Fire Magic
  2137 | D:2      | Reached skill level 1 in Ice Magic
  2137 | D:2      | Reached skill level 1 in Air Magic
  2137 | D:2      | Reached skill level 1 in Earth Magic
  2137 | D:2      | Reached skill level 1 in Poison Magic
  2141 | D:2      | HP: 13/41 [poisoned by an adder]
  2746 | D:3      | Reached ** piety under Zin
  3057 | D:3      | Reached XP level 5. HP: 44/47 MP: 6/6
  4375 | D:4      | HP: 12/47 [orc priest/nerve-wracking pain (14)]
  4411 | D:4      | HP: 5/47 [wight (12)]
  4411 | D:4      | Slain by a wight

Illustrated notes

Levels and vault maps discovered:
D:1:      dpeg_arrival_arbitrary_c, layout_loops_corners,
          hellmonk_ecumenical_altar_leap_of_faith
D:2:      layout_basic, basic_altar
D:3:      layout_basic
D:4:      layout_rooms, minmay_misc_feat_diagonals

Skill      XL: |  1  2  3  4  5 |
---------------+----------------+-----
Stealth        | 6 |  6.2
Invocations    | 1 |  1.8
Long Blades    | 1 |  1.6
Axes           | 1 |  1.6
Maces & Flails | 1 |  1.6
Polearms       | 1 |  1.6
Staves         | 1 |  1.6
Slings         | 1 |  1.6
Bows           | 1 |  1.6
Crossbows      | 1 |  1.6
Armour         | 1 |  1.6
Shields        | 1 |  1.6
Unarmed Combat | 1 |  1.6
Spellcasting   | 1 |  1.6
Conjurations   | 1 |  1.2
Hexes          | 1 |  1.2
Summonings     | 1 |  1.2
Necromancy     | 1 |  1.2
Translocations | 1 |  1.2
Transmutations | 1 |  1.2
Fire Magic     | 1 |  1.2
Ice Magic      | 1 |  1.2
Air Magic      | 1 |  1.2
Earth Magic    | 1 |  1.2
Poison Magic   | 1 |  1.2
Short Blades   | 3 |  3.0
Throwing       | 3 |  3.0
Dodging        | 3 |  3.0
Evocations     | 3 |  3.0
Fighting       | |  6.7

Action                   |  1- 3 |  4- 6 || total
-------------------------+-------+-------++-------
Melee: Dagger            |   108 |    49 ||   157
       Bite              |     8 |       ||     8
 Fire: Hunting sling     |     8 |    88 ||    96
Invok: Recite            |       |     5 ||     5
       Vitalisation      |       |     1 ||     1
 Stab: Sleeping          |     7 |       ||     7
Armor: Robe              |    22 |     2 ||    24
       Scale mail        |       |    18 ||    18
Dodge: Dodged            |    64 |    34 ||    98
